 Dungeon Crawl Stone Soup version 0.22-a0-603-gfc1114d (console) character file.

21 Goblin1989 the Ducker (level 2, -3/14 HPs)
             Began as a Felid Chaos Knight on July 7, 2018.
             Slain by a hobgoblin
             ... wielding a +0 club
              (7 damage)
             ... on level 1 of the Dungeon.
             The game lasted 00:03:35 (1322 turns).

Goblin1989 the Ducker (Felid Chaos Knight)          Turns: 1322, Time: 00:03:36

Health: -3/14      AC:  1    Str:  8    XL:     2   Next: 65%
Magic:  3/3        EV: 18    Int: 13    God:    Xom [.....*]
Gold:   24         SH:  0    Dex: 15    Spells: 1/1 levels left
                                        Lives:  0   Deaths: 0

rFire    . . .     SeeInvis +     - Unarmed
rCold    . . .     Gourm    .   (shield unavailable)
rNeg     . . .     Faith    .   (armour unavailable)
rPois    .         Spirit   .   (helmet unavailable)
rElec    .         Reflect  .   (cloak unavailable)
rCorr    .         Harm     .   (gloves unavailable)
MR       .....                  (boots unavailable)
Stlth    ++........             (no amulet)
HPRegen  0.04/turn              (no ring)
MPRegen  0.08/turn              (no ring)

@: quick
A: very small, no armour, no weapons or thrown items, stealth, claws 1, fangs 3,
see invisible, carnivore, speed 1, shaggy fur 1, slow metabolism 1, sharp paws
a: Renounce Religion


You were on level 1 of the Dungeon.
You worshipped Xom.
You were Xom's teddy bear.
You were completely stuffed.

You visited 1 branch of the dungeon, and saw 1 of its levels.

You collected 24 gold pieces.

Inventory:

Scrolls
 f - 3 scrolls of identify {unknown}
 h - a scroll of fear {unknown}
 j - a scroll of teleportation {unknown}
Potions
 g - 2 potions of curing {unknown}
Comestibles
 e - 2 rations
 i - 3 chunks of flesh


   Skills:
 + Level 3.2 Fighting
 + Level 3.5 Dodging
 + Level 1.3 Stealth
 * Level 3.4 Unarmed Combat


You had one spell level left.
You didn't know any spells.
Your spell library was empty.

Dungeon Overview and Level Annotations

Branches:
Dungeon (1/15)

Altars:


Innate Abilities, Weirdness & Mutations

You cannot wear armour.
You are incapable of wielding weapons or throwing items.
Your paws allow you to move quietly. (Stealth)
You have sharp claws.
You have razor-sharp teeth.
You have supernaturally acute eyesight. (SInv)
You are carnivorous and can eat meat at any time.
You cover ground quickly.
You are covered in fur. (AC +1)
You have a slow metabolism.
Your sharp claws are effective at attacking unaware monsters.


Message History

No target in view!
j - a scroll labeled NIESCH INWOK Health restored: 14 Key pressed, stopping explore.
A bat comes into view.
The bat moves out of view.
The bat is too close now for your liking.
The bat misses you.
You closely miss the bat. The bat barely misses you. The bat misses you.
The bat hits you.
You take 1 damage, and have 13/14 hp.
You barely miss the bat. The bat closely misses you.
You scratch the bat.
You kill the bat!
No target in view!
No target in view!
You butcher the bat corpse.
i - 3 chunks of flesh (gained 1)
You see here a bat skeleton. x2
Health restored: 14 You open the door.
Found a stone staircase leading down.
There is an open door here.
A bat comes into view.
You see here a ring mail.
A bat is nearby!
A bat is nearby!
A bat comes into view.
A leopard gecko and a goblin come into view.
The bat barely misses you.
You barely miss the bat. The bat closely misses you.
The bat closely misses you.
You scratch the bat. Your bite misses the bat.
The bat is severely wounded.
The bat barely misses you.
You closely miss the bat.
The bat is severely wounded.
The bat completely misses you.
You scratch the bat.
The bat is moderately wounded.
The bat hits you but does no damage. The bat misses you.
The bat barely misses you.
You barely miss the bat.
The bat is heavily wounded.
The leopard gecko hisses angrily.
The bat completely misses you. x2
A hobgoblin comes into view. It is wielding a club.
The bat misses you. The bat hits you but does no damage.
You closely miss the bat.
The bat is moderately wounded.
The bat misses you. The bat barely misses you.
You completely miss the bat.
The bat is moderately wounded.
The hobgoblin shouts!
The goblin shouts!
The bat hits you. The bat misses you.
You take 1 damage, and have 13/14 hp.
You closely miss the bat.
The bat is moderately wounded.
The bat barely misses you. The bat completely misses you.
The leopard gecko misses you. The bat hits you.
You take 1 damage, and have 12/14 hp.
You barely miss the bat.
The bat is moderately wounded.
The bat barely misses you. The hobgoblin misses you. The bat misses you.
The leopard gecko misses you.
You completely miss the bat.
The bat is moderately wounded.
The bat hits you. x2
* * * LOW HITPOINT WARNING * * *
The bat completely misses you. The hobgoblin barely misses you.
The leopard gecko misses you.
You take 2 damage, and have 10/14 hp.
The leopard gecko misses you. The bat misses you. The bat misses you.
The bat completely misses you. The bat closely misses you.
You see here a green potion.
You claw the bat!
You kill the bat!
The bat barely misses you. The bat closely misses you.
You see here a green potion.
You scratch the bat but do no damage. Your bite misses the bat.
The bat hits you.
* * * LOW HITPOINT WARNING * * *
The bat closely misses you.
Something unseen opens the door.
You take 1 damage, and have 9/14 hp.
You closely miss the bat. Your bite misses the bat.
The bat completely misses you. The bat hits you but does no damage.
You closely miss the bat. You claw the bat. You bite the bat, but do no damage.
The bat is heavily wounded.
The bat completely misses you.
You closely miss the bat.
You kill the bat!
The hobgoblin hits you with a club.
* * * LOW HITPOINT WARNING * * *
You take 5 damage, and have 4/14 hp.
MASSIVE DAMAGE!!
You closely miss the goblin. The hobgoblin hits you with a club!
Ouch! That really hurt!
You die...

███..███.█████████████.███
█..... %...█...........██.
█.....█ █....████......██.
█...... █.................
█.....g███.............÷..
█.....g......[............
█...$...█l█.██.██......███
█.......█g█.██..∆......█
█.......█@█.█████......█
█.......g.$.█ ██......███
█.......█.██████...██.....
█........>.....∆..........
████████████████...██.....
█...██..... █...██.....
██████..)..
███████████.....


You could see a leopard gecko, a hobgoblin and a goblin.

Vanquished Creatures
  A dart slug (D:1)
  4 bats (D:1)
  3 goblins (D:1)
  4 hobgoblins (D:1)
  2 ball pythons (D:1)
  2 frilled lizards (D:1)
  A kobold (D:1)
  A rat (D:1)
18 creatures vanquished.

Notes
Turn   | Place    | Note
-------+----------+-------------------------------------------
     0 | D:1      | Goblin1989 the Felid Chaos Knight began the quest for the Orb.
     0 | D:1      | Reached XP level 1. HP: 10/10 MP: 2/2
   321 | D:1      | XOM: divination: detect creatures
   336 | D:1      | XOM: mild Chrm miscast
   359 | D:1      | Reached skill level 1 in Stealth
   359 | D:1      | Reached XP level 2. HP: 4/14 MP: 3/3
   486 | D:1      | XOM: god gift: hand crossbow {god gift}
   598 | D:1      | XOM is BORED!
   598 | D:1      | XOM: medium Ice miscast
   819 | D:1      | XOM: noise
  1105 | D:1      | XOM: 1-stop teleportation journey
  1149 | D:1      | XOM: 2-stop teleportation journey
  1322 | D:1      | Slain by a hobgoblin

Vault maps used:
D:1:      dpeg_arrival_morbid_curiosity, st_stairs_11, minmay_pentomino_t2

Skill      XL: |  1 |
---------------+----+-----
Stealth        | 1 |  1.3
Fighting       | |  3.2
Dodging        | |  3.5
Unarmed Combat | |  3.4

Action                   || total
-------------------------++-------
Melee: Unarmed           ||    68
       Bite              ||     8
       Punch             ||     1
  Eat: Chunk             ||     8
Armor: Skin              ||     6
Dodge: Dodged            ||    87

Table legend:
 A = Spawn XP
 B = Non-spawn XP
 C = Spawn XP percentage of total XP
 D = Spawn monster count
 E = Non-spawn monster count
 F = Spawn count percentage of total count
 G = Total turns spent on level
                    A         B        C        D         E        F      G
               +---------+---------+-------+---------+---------+-------+---------
         Total |       0 |      31 |   0.0 |       0 |      18 |   0.0 |  1322
               +---------+---------+-------+---------+---------+-------+---------
           D:1 |       0 |      31 |   0.0 |       0 |      18 |   0.0 |  1322
               +---------+---------+-------+---------+---------+-------+---------

Vault maps used:
D:1:      dpeg_arrival_morbid_curiosity, st_stairs_11, minmay_pentomino_t2
